 Dungeon Crawl Stone Soup version 0.28.0-47-ge53b351184 (webtiles) character file.

Game seed: 7979929377073934006

734 Bruhh the Cleaver (level 7, -2/62 HPs)
             Began as a Hill Orc Fighter on May 1, 2022.
             Was a Priest of Zin.
             Slain by an ogre
             ... wielding a +0 giant club
              (25 damage)
             ... on level 6 of the Dungeon.
             The game lasted 00:07:10 (5243 turns).

Bruhh the Cleaver (Hill Orc Fighter)                Turns: 5243, Time: 00:07:11

Health: -2/62      AC:  6    Str: 21    XL:     7   Next: 74%
Magic:  7/7        EV:  9    Int:  8    God:    Zin [***...]
Gold:   84         SH:  4    Dex: 10    Spells: 6/6 levels left

rFire   . . .      SeeInvis .   a - +0 war axe
rCold   . . .      Faith    .   c - +0 buckler
rNeg    . . .      Spirit   .   b - +0 scale mail
rPois   .          Reflect  .   (no helmet)
rElec   .          Harm     .   (no cloak)
rCorr   .          Rampage  .   (no gloves)
Will    .....                   (no boots)
Stlth   ..........              (no amulet)
HPRegen 0.20/turn               (no ring)
MPRegen 0.10/turn               (no ring)

@: no status effects
A: no striking features
a: Renounce Religion, Recite, Vitalisation, Imprison, Donate Gold


You were on level 6 of the Dungeon.
You worshipped Zin.
Zin was most pleased with you.
You visited 1 branch of the dungeon, and saw 6 of its levels.

You collected 162 gold pieces.
You donated 78 gold pieces to Zin.

Inventory:

Hand Weapons
 a - a +0 war axe (weapon)
Armour
 b - a +0 scale mail (worn)
 c - a +0 buckler (worn)
Jewellery
 h - an amulet of magic regeneration
 p - an amulet of regeneration
Scrolls
 e - 10 scrolls of identify {unknown}
 f - a scroll of fear {unknown}
 g - 3 scrolls of amnesia {unknown}
 i - a scroll of enchant weapon {unknown}
 k - 2 scrolls of vulnerability {unknown}
 l - a scroll of enchant armour {unknown}
 m - a scroll of blinking {unknown}
 q - a scroll of teleportation {unknown}
Potions
 d - a potion of degeneration {unknown}
 j - a potion of magic {unknown}
 n - a potion of curing {unknown}
 o - a potion of attraction {unknown}


   Skills:
 + Level 5.8 Fighting
 - Level 10.0 Axes
 - Level 3.2 Armour
 - Level 3.2 Shields


You had 6 spell levels left.
You didn't know any spells.
Your spell library contained the following spells:

 Spells                   Type           Power      Damage    Failure   Level
 Portal Projectile        Hex/Tloc       0%         N/A       99%         3
 Blade Hands              Tmut           0%         N/A       100%        5
 Excruciating Wounds      Necr           0%         N/A       100%        5


Dungeon Overview and Level Annotations

Branches:
Dungeon (6/15)             Temple (0/1) D:5

Altars:
Sif Muna
Zin


Message History

An ogre comes into view. It is wielding a +0 giant club.
An ogre is nearby!
An ogre is nearby!
Toss (no damage): amulet of regeneration
Press: ? - help, Shift-Dir - straight line, f - ogre
Aim: an ogre, wielding a +0 giant club
Okay, then.
The ogre barely misses you.
You barely miss the ogre. You slash the ogre!
The ogre is heavily wounded.
The ogre hits you with a +0 giant club!!
You hit the ogre but do no damage.
The ogre is heavily wounded.
The ogre hits you with a +0 giant club!
Found a stone staircase leading down.
A hound comes into view.
The ogre closely misses you.
There is an escape hatch in the floor here.
The ogre closely misses you.
You slide downwards.
The hatch slams shut behind you. 2 killer bees come into view.
The killer bee buzzes angrily.
You hear an angry buzzing noise. x2
A killer bee comes into view. 2 killer bees come into view.
The killer bee buzzes angrily. x2; You hear an angry growl.
You start putting on your amulet.
You continue putting on your amulet of regeneration.
You block the killer bee's attack.
Keep equipping yourself?
The ogre closely misses you. The killer bee stings you.
You continue putting on your amulet of regeneration.
The killer bee stings you. The ogre barely misses you.
The killer bee barely misses you.
You continue putting on your amulet of regeneration.
The killer bee barely misses you. The killer bee stings you.
You continue putting on your amulet of regeneration.
You block the killer bee's attack.
The ogre hits you with a +0 giant club!!
You die...

#.# #.#
#.# .#
##.## ...
... ....
#.# .....
#.#
.....y##O#
.h..yyy@.#
.....y####
..... ####


You could see a black bear, an ogre and 5 killer bees.

Vanquished Creatures
  Menkaure (D:4)
  A black bear (D:5)
  A scorpion (D:4)
  A water moccasin skeleton (D:4)
  A hound (D:4)
  3 jellies (D:4)
  An iguana (D:4)
  An orc priest (D:4)
  Terence (D:3)
  3 orc wizards (D:4)
  7 adders
  A river rat (D:3)
  An adder skeleton (D:4)
  2 worms (D:2)
  3 dart slugs
  10 orcs
  4 bats
  3 endoplasms
  5 giant cockroaches
  6 goblins
  7 hobgoblins
  10 kobolds
  A quokka (D:3)
  4 ball pythons
  5 frilled lizards
  6 rats
89 creatures vanquished.

Notes
Turn   | Place    | Note
-------+----------+-------------------------------------------
     0 | D:1      | Bruhh the Hill Orc Fighter began the quest for the Orb.
     0 | D:1      | Reached XP level 1. HP: 19/19 MP: 1/1
    54 | D:1      | Reached skill level 3 in Axes
   352 | D:1      | Reached XP level 2. HP: 26/26 MP: 2/2
   384 | D:1      | Found a faded altar of an unknown god.
   435 | D:1      | Prayed at the altar of an unknown god.
   435 | D:1      | Became a worshipper of Zin the Law-Giver
   435 | D:1      | Reached * piety under Zin
   458 | D:1      | Reached skill level 4 in Axes
  1072 | D:2      | Reached XP level 3. HP: 29/31 MP: 3/3
  1485 | D:2      | Reached skill level 5 in Axes
  1635 | D:2      | Reached ** piety under Zin
  1974 | D:3      | Noticed Terence
  1980 | D:3      | Killed Terence
  1981 | D:3      | Reached XP level 4. HP: 23/39 MP: 4/4
  1995 | D:3      | Reached skill level 6 in Axes
  2366 | D:3      | Reached XP level 5. HP: 36/45 MP: 5/5
  2540 | D:3      | Found a shimmering blue altar of Sif Muna.
  3285 | D:4      | Reached skill level 7 in Axes
  3505 | D:4      | Reached skill level 8 in Axes
  3505 | D:4      | Reached XP level 6. HP: 39/51 MP: 6/6
  4113 | D:4      | Noticed Menkaure
  4116 | D:4      | Killed Menkaure
  4117 | D:4      | Reached skill level 9 in Axes
  4117 | D:4      | Reached XP level 7. HP: 17/57 MP: 7/7
  4365 | D:4      | Reached skill level 10 in Axes
  4648 | D:4      | Donated 62 gold pieces to Zin
  4848 | D:4      | Reached *** piety under Zin
  4937 | D:5      | Entered Level 5 of the Dungeon
  4957 | D:4      | Reached skill level 5 in Fighting
  5113 | D:5      | Found a staircase to the Ecumenical Temple.
  5243 | D:6      | Slain by an ogre

Illustrated notes

Levels and vault maps discovered:
D:1:      dpeg_arrival_castle, layout_basic,
          hellmonk_ecumenical_altar_heavens_door
D:2:      layout_basic
D:3:      layout_basic, portal_sewer_entry_e, kennysheep_flooded_box,
          nicolae_concentric_dashed_squares_wild, uniq_terence
D:4:      layout_loops_cross, uniq_menkaure
D:5:      minmay_general_purpose_star, layout_cave_pools,
          mainiacjoe_overflow_cross_hatched, temple_statues,
          gammafunk_ghost_gnarly_gnolls, st_stairs_12, kennysheep_dice,
          uniq_duvessa
D:6:      layout_basic

Skill      XL: |  1  2  3  4  5  6  7 |
---------------+----------------------+-----
Axes           | 3 4 5 6 8 9 10 | 10.0
Fighting       | 5 |  5.8
Armour         | |  3.2
Shields        | |  3.2

Action                   |  1- 3 |  4- 6 |  7- 9 || total
-------------------------+-------+-------+-------++-------
Melee: War axe           |    89 |   186 |    53 ||   328
Invok: Donate Gold       |       |       |     1 ||     1
  Use: Potion            |       |     2 |       ||     2
Armor: Scale mail        |    32 |    75 |    21 ||   128
Dodge: Dodged            |    34 |    55 |    28 ||   117
Block: Buckler           |    14 |    27 |    10 ||    51
